 Dungeon Crawl Stone Soup version 0.13.0-19-g8e0b589 (webtiles) character file.

2960 M4edhros the Covert (level 9, -19/59 HPs)
             Began as an Octopode Artificer on Oct 25, 2013.
             Demolished by an ogre
             ... wielding a +0,+0 giant spiked club
              (24 damage)
             ... on Level 8 of the Dungeon.
             The game lasted 00:13:00 (6351 turns).

M4edhros the Covert (Octopode Artificer)            Turns: 6351, Time: 00:13:03

HP -19/59        AC  2     Str 11      XL: 9   Next: 62%
MP  13/13        EV 10     Int 17      God:
Gold 305         SH 18     Dex 12      Spells:  0 memorised,  8 levels left

Res.Fire  : . . .   See Invis. : .   j - +2,+1 war axe (distort)
Res.Cold  : . . .   Warding    : .   g - +0 shield
Life Prot.: . . .   Conserve   : .   A - +1 wizard hat
Res.Poison: .       Res.Corr.  : .   v - amulet of rage
Res.Elec. : .       Clarity    : +   (no ring)
Sust.Abil.: . .     Spirit.Shd : .   (no ring)
Res.Mut.  : .       Stasis     : .   (no ring)
Res.Rott. : .       Flight     : .   (no ring)
Saprovore : . . .                    (no ring)
                                     (no ring)
                                     (no ring)
                                     (no ring)

@: about to teleport, slightly resistant to hostile enchantments, extremely
stealthy
A: almost no armour, amphibious, 8 rings, constrict 8, spike 1, camouflage 1,
clarity, regeneration 1, evolution 1, AC +1
a: Evoke Berserk Rage


You were on level 8 of the Dungeon.
You were near starving.

You visited 1 branch of the dungeon, and saw 8 of its levels.

You collected 285 gold pieces.

Inventory:

Hand weapons
 a - a +0,+0 short sword
 e - a cursed -1,-2 trident
 i - a +0,+3 dwarven dagger of protection
 j - a +2,+1 war axe of distortion (weapon)
 k - a +1,+1 orcish dagger of venom (quivered)
Armour
 g - a +0 shield (worn)
 A - a +1 wizard hat (worn)
Magical devices
 c - a wand of enslavement (3)
 d - a wand of random effects (8)
 r - a wand of cold (6)
 x - a wand of confusion (18)
Comestibles
 f - 5 bread rations
 h - a choko
 n - 3 apples
 s - a royal jelly
 u - 4 meat rations
Scrolls
 b - a scroll of identify
 l - 7 scrolls of remove curse
 o - 2 scrolls of teleportation
Jewellery
 m - the ring "Ateezxir" {Wiz rF-}
   (You found it on level 5 of the Dungeon)

   [ring of wizardry]

   It makes you vulnerable to fire.
 v - an amulet of rage (around mantle)
Potions
 p - a potion of speed
 t - 3 potions of magic
 w - a potion of curing


   Skills:
 + Level 5.5 Fighting
 - Level 1.0 Short Blades
 * Level 4.6 Axes
 - Level 2.0 Dodging
 + Level 12.2 Stealth
 + Level 5.5 Shields
 - Level 3.2 Evocations


You had 8 spell levels left.
You didn't know any spells.

Dungeon Overview and Level Annotations

Branches:
Dungeon (8/27)             Temple (0/1) D:7             Orc (0/4) D:6
   Lair: D:8-13

Altars:

Shops:
D:7 *

Annotations:
D:6 germz's ghost, experienced DsFi


Innate Abilities, Weirdness & Mutations

You cannot wear most types of armour.
You are amphibious.
You can wear up to eight rings at the same time.
You can use your tentacles to constrict many enemies at once.
Your skin changes colour to match your surroundings (Stlth).
Your rubbery body absorbs attacks (AC +1).
One of your tentacles bears a spike.
You possess an exceptional clarity of mind.
Your natural rate of healing is unusually fast.
You evolve.


Message History

The ice beast freezes you.
* * * LOW HITPOINT WARNING * * *
Evoke which item? (* to show all) (? for menu, Esc to quit)
Okay, then.
Read which item? (? for menu, Esc to quit)
Okay, then.
Drink which item? (? for menu, Esc to quit)
Okay, then.
Evoke which item? (* to show all) (? for menu, Esc to quit)
Okay, then.
Drink which item? (? for menu, Esc to quit)
You feel better. The ice beast closely misses you. The ogre barely misses you.
Read which item? (? for menu, Esc to quit)
As you read the scroll of teleportation, it crumbles to dust.
You feel strangely unstable. The ice beast hits you.
* * * LOW HITPOINT WARNING * * *
The ice beast freezes you!
* * * LOW HITPOINT WARNING * * *
The ogre hits you with a giant spiked club!
You die...

...........................
..........................
.......................
..................###..
...................# #..
#...................###..
.........................
.........................
........O@................
.........I................
....?.....................
.........................
....................(....
(..###.........###....... .
#.........# ... .
#.........# .. ...........


You could see an ice beast and an ogre.

Vanquished Creatures
  Psyche (D:8)
  A wolf (D:8)
  2 centaurs
  The ghost of rdx the Magician, an average GrFE (D:3)
  An orc warrior (D:7)
  An ice beast (D:5)
  2 ogres
  Sigmund (D:2)
  A giant frog (D:6)
  4 killer bees (D:7)
  A jelly (D:8)
  2 goliath beetles
  4 crimson imps
  3 orc priests
  A yellow wasp zombie (D:8)
  2 gnoll shamans
  6 orc wizards
  5 worker ants
  3 iguanas
  2 scorpions (D:8)
  A two-headed ogre skeleton (D:8)
  Jessica (D:2)
  9 gnolls
  12 adders
  2 giant mites
  2 worms
  An adder zombie (D:8)
  A giant eyeball (D:6)
  2 giant geckos
  An ooze (D:2)
  28 orcs
  A ball python (D:2)
  8 bats
  A bat skeleton (D:7)
  14 goblins
  10 hobgoblins
  3 quokkas
  6 giant cockroaches
  8 giant newts
  4 jackals (D:3)
  10 kobolds
  2 orc zombies
  8 rats
  A ballistomycete (D:6)
  2 butterflies (D:7)
182 creatures vanquished.

Vanquished Creatures (collateral kills)
  Edmund (D:5)
  A killer bee (D:7)
  An iguana (D:5)
  A gnoll (D:4)
  An orc (D:7)
  A bat (D:4)
  A giant gecko zombie (D:7)
  A giant newt (D:4)
  A butterfly (D:7)
9 creatures vanquished.

Vanquished Creatures (others)
  A giant spore (D:6)
1 creature vanquished.

Grand Total: 192 creatures vanquished

Notes
Turn   | Place    | Note
--------------------------------------------------------------
     0 | D:1      | M4edhros, the Octopode Artificer, began the quest for the Orb.
     0 | D:1      | Reached XP level 1. HP: 14/14 MP: 1/1
    93 | D:1      | Reached XP level 2. HP: 13/19 MP: 3/3
   527 | D:2      | Reached skill level 4 in Stealth
   547 | D:2      | Reached XP level 3. HP: 13/24 MP: 4/4
   567 | D:2      | Reached skill level 5 in Stealth
   788 | D:2      | Reached XP level 4. HP: 29/29 MP: 6/6
   942 | D:2      | Noticed Sigmund
   949 | D:2      | Killed Sigmund
   949 | D:2      | Reached skill level 7 in Stealth
   949 | D:2      | Reached XP level 5. HP: 14/34 MP: 7/7
  1213 | D:2      | Noticed Jessica
  1217 | D:2      | Killed Jessica
  1457 | D:3      | Noticed rdx's ghost (average GrFE)
  1471 | D:3      | Killed rdx's ghost
  1471 | D:3      | Reached skill level 8 in Stealth
  1471 | D:3      | Reached XP level 6. HP: 21/39 MP: 9/9
  1705 | D:3      | Reached skill level 9 in Stealth
  2797 | D:4      | Reached skill level 10 in Stealth
  2797 | D:4      | Reached skill level 1 in Shields
  2797 | D:4      | Reached XP level 7. HP: 43/45 MP: 10/10
  2955 | D:5      | Entered Level 5 of the Dungeon
  3475 | D:5      | Noticed Edmund
  3486 | D:5      | Killed Edmund
  3502 | D:5      | Reached XP level 8. HP: 24/52 MP: 12/12
  3668 | D:5      | Gained mutation: One of your tentacles bears a spike. [potion of beneficial mutation]
  3669 | D:5      | Gained mutation: You evolve. [potion of mutation]
  3669 | D:5      | Gained mutation: You possess an exceptional clarity of mind. [potion of mutation]
  3669 | D:5      | Gained mutation: Your natural rate of healing is unusually fast. [potion of mutation]
  3718 | D:5      | Got an ancient lapis lazuli ring
  4090 | D:6      | Noticed germz's ghost (experienced DsFi)
  4252 | D:6      | Reached skill level 11 in Stealth
  4507 | D:6      | Found a staircase to the Orcish Mines.
  5279 | D:7      | Found a staircase to the Ecumenical Temple.
  5292 | D:7      | Found Blomar's General Store.
  5385 | D:7      | Reached skill level 1 in Axes
  5409 | D:7      | Identified the ring "Ateezxir" {Wiz rF-} (You found it on level 5 of the Dungeon)
  5543 | D:7      | Reached XP level 9. HP: 58/58 MP: 13/13
  5823 | D:7      | Reached skill level 5 in Fighting
  5834 | D:7      | Reached skill level 5 in Shields
  5955 | D:8      | Reached skill level 12 in Stealth
  6166 | D:8      | Noticed Psyche
  6179 | D:8      | Killed Psyche
  6351 | D:8      | Demolished by an ogre

Action                   |  1- 3 |  4- 6 |  7- 9 || total
-------------------------+-------+-------+-------++-------
Melee: Short sword       |    17 |       |       ||    17
       Dagger            |    34 |    85 |   185 ||   304
       War axe           |       |       |   100 ||   100
 Abil: Evoke Berserk Rag |       |       |     3 ||     3
Evoke: Wand              |     1 |    11 |    23 ||    35
  Use: Potion            |       |     3 |    12 ||    15
       Scroll            |       |       |    14 ||    14
 Stab: Sleeping          |     6 |    15 |    26 ||    47
